 Dungeon Crawl Stone Soup version 0.19.4-8-ga85b6b9 (console) character file.

10873 itsmu the Tainter (level 12, -1/83 HPs)
             Began as a Formicid Wanderer on Feb 8, 2017.
             Was a High Priest of Sif Muna.
             Slain by a warg (5 damage)
             ... on level 10 of the Dungeon.
             The game lasted 00:58:25 (15146 turns).

itsmu the Tainter (Formicid Wanderer)              Turns: 15146, Time: 00:58:26

Health: -1/83      AC: 12    Str: 19    XL:     12   Next: 0%
Magic:  18/24      EV: 11    Int: 18    God:    Sif Muna [*****.]
Gold:   516        SH:  0    Dex: 11    Spells: 9 memorised, 7 levels left

rFire  . . .     SeeInvis +     a - +1 dagger (venom)
rCold  . . .     Gourm    .     F - +1 leather armour of Chimes {MR+ Dex+4}
rNeg   + . .     Faith    .     (no shield)
rPois  .         Spirit   .     (helmet unavailable)
rElec  .         Reflect  .     H - +2 cloak
rCorr  .         Harm     .     D - +0 pair of gloves
MR     ++...                    (no boots)
Stlth  +.........               E - amulet of magic regeneration
                                P - ring of positive energy
                                v - +3 ring of protection

@: no status effects
A: permanent stasis, dig shafts and tunnels, four strong arms, antennae 3
a: Dig, Shaft Self, Divine Energy, Channel Magic, Forget Spell, Renounce
Religion


You were on level 10 of the Dungeon.
You worshipped Sif Muna.
Sif Muna was extremely pleased with you.
You were not hungry.

You visited 3 branches of the dungeon, and saw 12 of its levels.

You collected 516 gold pieces.

Inventory:

Hand Weapons
 a - a +1 dagger of venom (weapon)
   (You took it off a goblin on level 1 of the Dungeon)
 b - a +2 dagger of freezing
   (You took it off an orc wizard on level 6 of the Dungeon)
 s - a +0 blowgun
   (You took it off a kobold on level 3 of the Dungeon)
 w - a +2 whip of electrocution
   (You took it off Pikel on level 6 of the Dungeon)
Missiles
 e - 29 arrows
 q - a throwing net (quivered)
 t - 10 poisoned needles
 A - 2 javelins
Armour
 i - a +0 plate armour
   (You found it on level 1 of the Dungeon)
 D - a +0 pair of gloves (worn)
   (You found it on level 9 of the Dungeon)
 F - the +1 leather armour of Chimes (worn) {MR+ Dex+4}
   (You took it off an orc on level 6 of the Dungeon)

   It affects your dexterity (+4).
   It affects your resistance to hostile enchantments.
 H - a +2 cloak (worn)
   (You found it on level 3 of the Dungeon)
 I - a +0 robe of fire resistance
   (You took it off Pikel on level 6 of the Dungeon)
Jewellery
 v - a +3 ring of protection (left hand)
   (You found it on level 3 of the Dungeon)
 E - an amulet of magic regeneration (around neck)
   (You found it on level 7 of the Dungeon)
 N - an uncursed amulet of guardian spirit
   (You found it on level 8 of the Dungeon)
 P - a ring of positive energy (right hand)
   (You found it on level 9 of the Dungeon)
Wands
 j - a wand of polymorph (11/24)
   (You took it off Erolcha on level 9 of the Dungeon)
 J - a wand of iceblast (1/15)
   (You found it on level 6 of the Dungeon)
 O - a wand of flame (12/48)
   (You took it off a big kobold on level 9 of the Dungeon)
Scrolls
 g - 2 scrolls of remove curse
 k - 5 scrolls of identify
 m - a scroll of recharging
 u - 4 scrolls of noise
 z - a scroll of fog {unknown}
 C - 2 scrolls of enchant weapon
 L - 2 scrolls of immolation
Potions
 l - 2 potions of cure mutation {!q}
 p - a potion of experience
 B - a potion of might
 G - a potion of brilliance
Books
 d - the Reference Book on the Voyage

   Spells                             Type                      Level
   a - Apportation                    Translocation                1
   b - Teleport Other                 Translocation                3
 h - a book of Changes
   (You found it on level 4 of the Dungeon)

   Spells                             Type                      Level
   a - Beastly Appendage              Transmutation                1
   b - Sticks to Snakes               Transmutation                2
   c - Spider Form                    Transmutation/Poison         3
   d - Ice Form                       Ice/Transmutation            4
   e - Blade Hands                    Transmutation                5
 o - a book of Minor Magic
   (You found it on level 6 of the Dungeon)

   Spells                             Type                      Level
   a - Magic Dart                     Conjuration                  1
   b - Blink                          Translocation                2
   c - Call Imp                       Summoning                    2
   d - Repel Missiles                 Charms/Air                   2
   e - Slow                           Hexes                        2
   f - Conjure Flame                  Conjuration/Fire             3
   g - Mephitic Cloud                 Conjuration/Poison/Air       3
 r - a Young Poisoner's Handbook

   Spells                             Type                      Level
   a - Sting                          Conjuration/Poison           1
   b - Mephitic Cloud                 Conjuration/Poison/Air       3
   c - Olgreb's Toxic Radiance        Poison                       4
   d - Alistair's Intoxication        Transmutation/Poison         5
   e - Venom Bolt                     Conjuration/Poison           5
 y - a book of Maledictions
   (You found it on level 9 of the Dungeon)

   Spells                             Type                      Level
   a - Corona                         Hexes                        1
   b - Ensorcelled Hibernation        Hexes/Ice                    2
   c - Confuse                        Hexes                        3
   d - Tukima's Dance                 Hexes                        3
   e - Dazzling Spray                 Conjuration/Hexes            3
 K - a book of Battle
   (You found it on level 8 of the Dungeon)

   Spells                             Type                      Level
   a - Infusion                       Charms                       1
   b - Shroud of Golubria             Charms/Translocation         2
   c - Song of Slaying                Charms                       2
   d - Spectral Weapon                Hexes/Charms                 3
   e - Regeneration                   Charms/Necromancy            3
Comestibles
 c - 3 chunks of flesh
 f - 7 bread rations
 n - 5 meat rations
 x - 27 fruits
 M - 2 beef jerkies


   Skills:
 - Level 4.0 Fighting
 - Level 1.8 Maces & Flails
 - Level 6.0 Armour
   Level 1.2 Shields
 + Level 8.1 Spellcasting
 + Level 7.2 Conjurations
 + Level 1.2 Charms
 + Level 5.7 Summonings
 + Level 2.7 Necromancy
 + Level 5.2 Translocations
 - Level 5.0 Transmutations
 + Level 10.6 Poison Magic
 - Level 1.1 Evocations


You had 7 spell levels left.
You knew the following spells:

 Your Spells              Type           Power        Failure   Level  Hunger
a - Sting                 Conj/Pois      ####         1%          1    None
b - Sticks to Snakes      Tmut           ####....     1%          2    None
c - Olgreb's Toxic Radia  Pois           #####...     1%          4    ###....
d - Mephitic Cloud        Conj/Pois/Air  ####....     2%          3    #......
e - Call Imp              Summ           ####....     1%          2    None
A - Apportation           Tloc           ####......   1%          1    None
O - Repel Missiles        Chrm/Air       #.....       14%         2    None
R - Regeneration          Chrm/Necr      ##........   14%         3    #......
S - Shroud of Golubria    Chrm/Tloc      ###.......   6%          2    None


Dungeon Overview and Level Annotations

Branches:
Dungeon (10/15)            Temple (1/1) D:6            Lair (0/6) D:9
    Orc (1/2) D:10

Altars:
Ashenzari
Cheibriados
Dithmenos
Elyvilon
Gozag
Hepliaklqana
Kikubaaqudgha
Makhleb
Nemelex Xobeh
Okawaru
Qazlal
Ru
Sif Muna
Trog
Uskayaw
Vehumet
Yredelemnul
Zin
The Shining One

Shops:
D:10 %

Annotations:
D:9 exclusion: 3 doors


Innate Abilities, Weirdness & Mutations

You are under a permanent stasis effect.
You can dig through walls and to a lower floor.
Your four strong arms can wield two-handed weapons with a shield.
You have a pair of large antennae on your head. (SInv)


Message History

Unknown command.
Casting: Olgreb's Toxic Radiance
Confirm with . or Enter, or press ? or * to list all spells.
Okay, then.
Unknown command.
Unknown command.
Okay, then.
Evoke which item? (* to show all) (? for menu, Esc to quit)
Zapping:
J - a wand of iceblast (3/15)
Press: ? - help, Shift-Dir - straight line The mass of ice explodes!
The iceblast engulfs the warg.
The warg is heavily wounded.
This wand has 2 charges left.
The warg misses you.
Evoke which item? (* to show all) (? for menu, Esc to quit)
Zapping:
J - a wand of iceblast (2/15)
Press: ? - help, Shift-Dir - straight line The mass of ice explodes!
The iceblast engulfs the warg.
The warg is almost dead.
This wand has 1 charge left.
The warg bites you.
You die...

##''##########......########..'..
#............######.# #..#..
#.................#.# #).#..
#.................#.# #..#..
#.................#.########..###
'.................#..............
########..........#..............
.......#.##########........#####.
..>..........>.)M..........# #.
...............h...........# #.
....................######.# #.
....................# #.# #.
....................# #.# #.
#...................# #.# #.
#........####.......######.# #.
#........# ####...........#####)
#........# #..............Y..


You could see a warg.

Vanquished Creatures
  A centaur warrior (D:9)
  An unseen horror (D:10)
  Pikel (D:6)
  An elephant (D:8)
  A hornet (D:8)
  A hippogriff (D:10)
  3 two-headed ogres
  Sigmund (D:2)
  11 yaks
  A wyvern (D:10)
  A hungry ghost (D:7)
  2 black bears
  4 slaves (D:6)
  A hornet zombie (D:6)
  4 orc warriors
  3 sky beasts
  A necrophage (D:10)
  An ice beast (D:8)
  3 centaurs
  5 ogres
  2 crocodiles (D:9)
  3 big kobolds
  7 bullfrogs
  3 scorpions
  A water moccasin skeleton (D:5)
  3 killer bees (D:10)
  3 crimson imps
  A howler monkey (D:5)
  A centaur zombie (D:10)
  A quasit (D:10)
  8 hounds
  13 orc wizards
  9 orc priests
  Jessica (D:2)
  9 iguanas
  Natasha (twice) (D:3 D:2)
  9 worker ants
  Robin (D:1)
  A howler monkey zombie (D:8)
  8 gnolls
  6 adders
  A howler monkey skeleton (D:10)
  5 shadow imps
  An ooze (D:7)
  4 adder skeletons
  An adder zombie (D:6)
  6 worms
  A dart slug (D:2)
  4 leopard geckos
  56 orcs
  2 ball pythons (D:3)
  13 bats
  6 giant cockroaches
  14 goblins
  12 hobgoblins
  9 jackals
  19 kobolds
  6 quokkas
  3 frilled lizards
  A quokka skeleton (D:7)
  9 rats
312 creatures vanquished.

Vanquished Creatures (collateral kills)
  Erolcha (D:9)
  A hill giant (D:10)
  A komodo dragon (D:10)
  A troll (D:10)
  A hippogriff (D:8)
  A water moccasin (D:10)
  An ogre (D:5)
  A bullfrog zombie (D:10)
  2 jellies (D:10)
  An orc priest (D:5)
  An iguana (D:9)
12 creatures vanquished.

Vanquished Creatures (others)
  An orc priest (D:6)
1 creature vanquished.

Grand Total: 325 creatures vanquished

Notes
Turn   | Place    | Note
-------+----------+-------------------------------------------
     0 | D:1      | itsmu the Formicid Wanderer began the quest for the Orb.
     0 | D:1      | itsmu set off with: a Young Poisoner's Handbook, the Reference Book on the Voyage, a potion of lignification, a +0 robe, a +0 club, a bread ration
     0 | D:1      | Reached XP level 1. HP: 13/13 MP: 3/3
     0 | D:1      | Identified the Reference Book on the Voyage
     2 | D:1      | Learned a level 1 spell: Sting
   135 | D:1      | Reached XP level 2. HP: 13/20 MP: 5/5
   138 | D:1      | Found a shattered altar of Ashenzari.
   688 | D:1      | Reached skill level 1 in Armour
   856 | D:1      | Reached skill level 1 in Maces & Flails
   856 | D:1      | Reached XP level 3. HP: 19/25 MP: 6/6
  1092 | D:2      | Noticed Jessica
  1112 | D:2      | Killed Jessica
  1112 | D:2      | Reached skill level 1 in Fighting
  1112 | D:2      | Reached XP level 4. HP: 8/32 MP: 7/7
  2195 | D:3      | Found a faded altar of an unknown god.
  2521 | D:2      | Found a bloodstained altar of Trog.
  2522 | D:2      | Noticed Robin
  2915 | D:1      | Reached XP level 5. HP: 36/37 MP: 8/8
  3238 | D:1      | Killed Robin
  3322 | D:2      | Noticed Sigmund
  3353 | D:2      | Killed Sigmund
  3353 | D:2      | Reached XP level 6. HP: 8/46 MP: 9/9
  3890 | D:3      | Reached skill level 5 in Armour
  4003 | D:3      | Found a radiant altar of Vehumet.
  4055 | D:3      | Reached XP level 7. HP: 39/52 MP: 10/10
  4475 | D:3      | Noticed Natasha
  4481 | D:3      | Killed Natasha
  4642 | D:3      | Noticed Natasha
  4839 | D:2      | Killed Natasha
  5521 | D:4      | Reached skill level 1 in Conjurations
  5947 | D:4      | Learned a level 2 spell: Sticks to Snakes
  5952 | D:4      | Learned a level 4 spell: Olgreb's Toxic Radiance
  6547 | D:5      | Entered Level 5 of the Dungeon
  6750 | D:5      | Reached skill level 1 in Transmutations
  6750 | D:5      | Reached XP level 8. HP: 35/60 MP: 12/12
  6883 | D:5      | Found an opulent altar of Gozag.
  7042 | D:5      | Reached skill level 5 in Poison Magic
  8334 | D:6      | Learned a level 3 spell: Mephitic Cloud
  8511 | D:6      | Reached skill level 6 in Poison Magic
  8511 | D:6      | Reached XP level 9. HP: 28/65 MP: 2/15
  9433 | D:6      | Reached skill level 5 in Spellcasting
  9433 | D:6      | Reached skill level 7 in Poison Magic
  9460 | D:6      | Found a staircase to the Ecumenical Temple.
  9469 | Temple   | Entered the Ecumenical Temple
  9538 | Temple   | Became a worshipper of Sif Muna the Loreminder
  9603 | D:6      | Got a steaming leather armour
  9630 | D:6      | Identified the cursed +1 leather armour of Chimes {MR+ Dex+4} (You took it off an orc on level 6 of the Dungeon)
  9738 | D:6      | Noticed Pikel
  9777 | D:6      | Killed Pikel
  9777 | D:6      | Reached skill level 5 in Transmutations
 10085 | D:7      | Learned a level 1 spell: Apportation
 10088 | D:7      | Learned a level 2 spell: Call Imp
 10297 | D:7      | Reached * piety under Sif Muna
 10297 | D:7      | Reached skill level 1 in Summonings
 10548 | D:7      | Reached skill level 8 in Poison Magic
 10548 | D:7      | Reached XP level 10. HP: 69/71 MP: 12/18
 10759 | D:7      | Reached skill level 5 in Conjurations
 11060 | D:8      | oh right
 11378 | D:8      | Reached ** piety under Sif Muna
 11525 | D:8      | Found a stormy altar of Qazlal.
 11692 | D:9      | Found a staircase to the Lair.
 11692 | D:9      | Noticed an elephant
 11812 | D:8      | i think i'm dead
 11850 | D:8      | Killed an elephant
 11850 | D:8      | Reached skill level 9 in Poison Magic
 12092 | D:8      | Learned a level 2 spell: Shroud of Golubria
 12256 | D:9      | Noticed Erolcha
 12290 | D:9      | Killed Erolcha
 12290 | D:9      | Reached *** piety under Sif Muna
 12290 | D:9      | Reached XP level 11. HP: 56/77 MP: 21/21
 12295 | D:9      | how'd i get a hound
 12300 | D:9      | oh lmao
 12718 | D:9      | Noticed a centaur warrior
 12734 | D:9      | Killed a centaur warrior
 12991 | D:9      | Found a burning altar of Makhleb.
 12991 | D:9      | Found a sparkling altar of Nemelex Xobeh.
 13044 | D:10     | Entered Level 10 of the Dungeon
 13131 | D:10     | Reached skill level 5 in Summonings
 13131 | D:10     | Reached skill level 10 in Poison Magic
 13159 | D:10     | Reached **** piety under Sif Muna
 13666 | D:10     | Noticed a hill giant
 13699 | D:10     | Killed a hill giant
 13882 | D:10     | Found Tizucs's Food Boutique.
 13883 | D:10     | Noticed an unseen horror
 13892 | D:10     | Killed an unseen horror
 13892 | D:10     | Reached skill level 5 in Translocations
 13942 | D:10     | Learned a level 2 spell: Repel Missiles
 13946 | D:10     | Learned a level 3 spell: Regeneration
 14870 | D:10     | Found a staircase to the Orcish Mines.
 15020 | D:10     | Reached skill level 1 in Charms
 15131 | Orc:1    | Entered Level 1 of the Orcish Mines
 15136 | Orc:1    | Reached ***** piety under Sif Muna
 15144 | D:10     | oh well
 15144 | D:10     | Reached XP level 12. HP: 17/83 MP: 17/24
 15144 | D:10     | HP: 4/83 [warg (14)]
 15146 | D:10     | Slain by a warg

Skill      XL: |  1  2  3  4  5  6  7  8  9 10 11 |
---------------+----------------------------------+-----
Armour         | 1 2 3 4 5 6 |  6.0
Maces & Flails | 1 |  1.8
Fighting       | 1 2 3 4 |  4.0
Conjurations   | 1 3 4 6 7 |  7.2
Spellcasting   | 3 4 5 7 8 |  8.1
Transmutations | 1 3 5 |  5.0
Poison Magic   | 6 8 9 10 | 10.6
Summonings     | 1 3 5 |  5.7
Translocations | 3 5 |  5.2
Charms         | 1 |  1.2
Shields        | |  1.2
Necromancy     | |  2.7
Evocations     | |  1.1

Action                   |  1- 3 |  4- 6 |  7- 9 | 10-12 || total
-------------------------+-------+-------+-------+-------++-------
Melee: Club              |   180 |   188 |       |       ||   368
       Dagger            |       |   114 |   591 |   216 ||   921
       Whip              |       |       |     5 |    41 ||    46
Throw: Stone             |       |    19 |       |       ||    19
       Throwing net      |       |     1 |       |       ||     1
 Cast: Sting             |       |       |    99 |    79 ||   178
       Sticks to Snakes  |       |       |    31 |    46 ||    77
       Olgreb's Toxic Ra |       |       |    12 |    58 ||    70
       Apportation       |       |       |     2 |       ||     2
       Shroud of Golubri |       |       |       |     2 ||     2
       Call Imp          |       |       |       |    18 ||    18
 Abil: Dig               |       |    11 |     7 |     5 ||    23
Evoke: Wand              |       |       |       |     6 ||     6
  Use: Potion            |     1 |     1 |     2 |     7 ||    11
       Scroll            |       |       |    14 |     8 ||    22
  Eat: Chunk             |     1 |    10 |    29 |    14 ||    54
       Beef jerky        |       |     1 |       |       ||     1
       Pizza             |       |       |       |     3 ||     3
       Bread ration      |       |       |       |     1 ||     1
Armor: Plate armour      |   228 |   254 |    86 |       ||   568
       Skin              |     2 |     8 |       |       ||    10
       Robe              |       |       |   131 |       ||   131
       Leather armour    |       |       |    56 |   174 ||   230
Dodge: Dodged            |    86 |    99 |   240 |   209 ||   634
